 Dungeon Sprint DCSS version 0.21-a0-414-gba8bdf1 (webtiles) character file.

926 Kidiri the Thaumaturge (level 7, -17/41 HPs)
             Began as a Deep Elf Fire Elementalist on Nov 2, 2017.
             Was a Follower of Vehumet.
             Killed from afar by a jelly (53 damage)
             ... with an exploding inner flame
             ... hexed by the player character
             ... in the Dungeon (Sprint III: "The Ten Rune Challenge").
             The game lasted 00:05:27 (1153 turns).

Kidiri the Thaumaturge (Deep Elf Fire Elementalist) Turns: 1153, Time: 00:05:28

Health: -17/41     AC: -1    Str:  5    XL:     7   Next: 85%
Magic:  17/25      EV: 16    Int: 22    God:    Vehumet [*.....]
Gold:   39         SH:  0    Dex: 17    Spells: 10/31 levels left

rFire    . . .     SeeInvis .   z - +1 long sword (holy)
rCold    . . .     Gourm    .   (no shield)
rNeg     . . .     Faith    .   a - +0 robe
rPois    .         Spirit   .   (no helmet)
rElec    .         Reflect  .   (no cloak)
rCorr    .         Harm     .   (no gloves)
MR       +....     NoTele   +   (no boots)
Stlth    +++.......             (no amulet)
HPRegen  0.13/turn              (no ring)
MPRegen  0.19/turn              (no ring)

@: corroded
A: thin skeletal structure 1, blurry vision 1, magic resistance 1, wild magic 1
a: Renounce Religion


You were in the Dungeon.
You worshipped Vehumet.
Vehumet was aware of your devotion.
You were not hungry.

You visited 1 branch You collected 39 gold pieces.

Inventory:

Hand Weapons
 m - a +0 club
 o - a +0 whip
 p - a +0 dagger
 v - a cursed -2 dagger
 z - a +1 long sword of holy wrath (weapon)
 C - a +0 spear
 D - a +0 dagger
Armour
 a - a +0 robe (worn)
 n - a +0 robe
 w - a +0 robe
 x - a +0 robe
 B - a +0 ring mail
 E - a +0 robe
Wands
 l - a wand of flame (16/48)
Scrolls
 i - a scroll of blinking
 k - 2 scrolls of identify
 q - a scroll of holy word
 u - a scroll of immolation
Potions
 d - a potion of curing
 e - 3 potions of heal wounds
 f - a potion of haste
 g - 2 potions of magic
 h - a potion of berserk rage
 s - a potion of might
 t - 3 potions of flight
Books
 b - a book of Flames

   Spells                             Type                      Level
   a - Flame Tongue                   Conjuration/Fire             1
   b - Throw Flame                    Conjuration/Fire             2
   c - Conjure Flame                  Conjuration/Fire             3
   d - Inner Flame                    Hexes/Fire                   3
   e - Sticky Flame                   Conjuration/Fire             4
   f - Fireball                       Conjuration/Fire             5
 j - a book of Minor Magic

   Spells                             Type                      Level
   a - Magic Dart                     Conjuration                  1
   b - Blink                          Translocation                2
   c - Call Imp                       Summoning                    2
   d - Slow                           Hexes                        2
   e - Conjure Flame                  Conjuration/Fire             3
   f - Mephitic Cloud                 Conjuration/Poison/Air       3
 y - a book of Minor Magic

   Spells                             Type                      Level
   a - Magic Dart                     Conjuration                  1
   b - Blink                          Translocation                2
   c - Call Imp                       Summoning                    2
   d - Slow                           Hexes                        2
   e - Conjure Flame                  Conjuration/Fire             3
   f - Mephitic Cloud                 Conjuration/Poison/Air       3
Comestibles
 c - a bread ration
 r - 2 meat rations


   Skills:
 + Level 3.5 Fighting
 + Level 3.9 Short Blades
 + Level 3.5 Armour
 + Level 5.8 Dodging
 - Level 2.4 Stealth
 * Level 12.5 Spellcasting
 + Level 7.5 Conjurations
 + Level 8.2 Fire Magic
 + Level 3.9 Air Magic
 + Level 4.2 Poison Magic


You had 10 spell levels left.
You knew the following spells:

 Your Spells              Type           Power        Failure   Level  Hunger
a - Flame Tongue          Conj/Fire      #####        1%          1    None
b - Throw Flame           Conj/Fire      ######       1%          2    None
c - Conjure Flame         Conj/Fire      ######..     1%          3    None
d - Inner Flame           Hex/Fire       #####...     4%          3    None
e - Sticky Flame          Conj/Fire      ######..     3%          4    None
f - Fireball              Conj/Fire      ######....   8%          5    ####...
g - Mephitic Cloud        Conj/Pois/Air  #####...     3%          3    None


Dungeon Overview and Level Annotations

Branches:
Dungeon (1/1)

Altars:
Dithmenos
Elyvilon
Kikubaaqudgha
Okawaru
Ru
Sif Muna
Trog
Uskayaw
Vehumet
Wu Jian
Yredelemnul
Zin
The Shining One
Beogh


Innate Abilities, Weirdness & Mutations

You have a somewhat thin skeletal structure. (Dex +2, Stealth)
Scrolls take you a little longer to read.
You are resistant to hostile enchantments. (MR+)
Your spells are a little harder to cast, but a little more powerful.


Message History

Confirm with . or Enter, or press ? or * to list all spells.
Aiming: Flame Tongue
Press: ? - help, Shift-Dir - straight line, f/p - jelly
Aim: a jelly (lightly wounded, inner flame)
The flame tongue hits the shadow.
The shadow is moderately damaged.
Casting: Flame Tongue
Confirm with . or Enter, or press ? or * to list all spells.
Aiming: Flame Tongue
Press: ? - help, Shift-Dir - straight line, f/p - jelly
Aim: a jelly (lightly wounded, inner flame)
The flame tongue hits the jelly.
The jelly is lightly wounded.
You hit the jelly. The acid corrodes you!
Your hands burn!
The jelly is moderately wounded.
The jelly is engulfed in blazing flames.
The jelly explodes!
The fiery explosion engulfs you!
Ouch! That really hurt!
You die...

▓ ▓▓▓ ******* *** ♣♣
♣.############,,*,,***,****** .♣
♣♣.#___#___#__#,**,**,,,,+,*,, .♣
♣..#...#__.#._#,,,,,,,,,,*,*,,
.♣♣♣..###+#+###+##,,,,,,,,,**,*,,
♣.♣♣..#..........#,,,,,,,,***,*,,
≈.♣.♣.'.⌠......§@#,∩*,*,,**,*,+,,
≈≈≈...#...######§#,,***,***,*****
≈≈....#.⌠.#__*,§W#+**************
≈.....#...#__*...#,,,,*,*,*,,,,,*
......#+###__#...#*,*,,*,**,***,*
......#...#__#..%+**,*,*,**,*,,**
......#___#__+...#,,,*,,*,,**,,+,
▓▓▓▓▓▓▓▓▓▓▓**▓▓▓▓▓**************,
≈≈≈**,,,,,****≈≈≈,,,,,,,,≈≈≈,,,*,


You could see a shadow.

Vanquished Creatures
  A deep elf mage (D)
  A necrophage (D)
  A water elemental (D)
  A scorpion (D)
  A wizard (D)
  Jessica (D)
  A necromancer (D)
  3 humans (D)
  A kobold demonologist (D)
  2 rats (D)
13 creatures vanquished.

Vanquished Creatures (others)
  2 draconian scorchers (D)
  6 hellions (D)
  2 yaktaurs (D)
  An electric eel (D)
11 creatures vanquished.

Grand Total: 24 creatures vanquished

Notes
Turn   | Place    | Note
-------+----------+-------------------------------------------
     0 | D        | Kidiri the Deep Elf Fire Elementalist began the quest for the Orb.
     0 | D        | Reached XP level 1. HP: 10/10 MP: 6/6
    66 | D        | Noticed Jessica
    68 | D        | Killed Jessica
    68 | D        | Reached skill level 6 in Spellcasting
    68 | D        | Reached XP level 2. HP: 15/15 MP: 6/11
    72 | D        | Learned a level 2 spell: Throw Flame
    86 | D        | Killed a yaktaur
   120 | D        | Noticed a scorpion
   126 | D        | Killed a scorpion
   126 | D        | Reached skill level 8 in Spellcasting
   126 | D        | Reached skill level 5 in Fire Magic
   126 | D        | Reached XP level 3. HP: 19/19 MP: 6/14
   126 | D        | Reached XP level 4. HP: 24/24 MP: 6/16
   133 | D        | Learned a level 3 spell: Conjure Flame
   137 | D        | Learned a level 3 spell: Inner Flame
   142 | D        | Learned a level 4 spell: Sticky Flame
   158 | D        | Gained mutation: Your magical capacity is low. (-10% MP) [potion of mutation]
   158 | D        | Gained mutation: You are agile. (Dex +2) [potion of mutation]
   159 | D        | Lost mutation: You are agile. (Dex +2) [potion of mutation]
   159 | D        | Lost mutation: Your magical capacity is low. (-10% MP) [potion of mutation]
   159 | D        | Gained mutation: You occasionally shout uncontrollably at your foes. [potion of mutation]
   159 | D        | Gained mutation: You have large cloven feet. [potion of mutation]
   160 | D        | Lost mutation: You have large cloven feet. [potion of mutation]
   160 | D        | Lost mutation: You occasionally shout uncontrollably at your foes. [potion of mutation]
   160 | D        | Gained mutation: You are dopey. (Int -2) [potion of mutation]
   160 | D        | Gained mutation: You have sharp fingernails. [potion of mutation]
   160 | D        | Gained mutation: Your system is resistant to poisons. (rPois) [potion of mutation]
   160 | D        | Gained mutation: You have sharp toenails. [potion of mutation]
   161 | D        | Lost mutation: You have sharp fingernails. [potion of mutation]
   161 | D        | Lost mutation: Your system is resistant to poisons. (rPois) [potion of mutation]
   161 | D        | Lost mutation: You have sharp toenails. [potion of mutation]
   161 | D        | Lost mutation: You are dopey. (Int -2) [potion of mutation]
   161 | D        | Gained mutation: Your spells are a little harder to cast, but a little more powerful. [potion of mutation]
   161 | D        | Gained mutation: Scrolls take you a little longer to read. [potion of mutation]
   161 | D        | Gained mutation: You have a somewhat thin skeletal structure. (Dex +2, Stealth) [potion of mutation]
   161 | D        | Gained mutation: You are resistant to hostile enchantments. (MR+) [potion of mutation]
   203 | D        | Killed a white draconian scorcher
   209 | D        | Killed a hellion
   209 | D        | Killed a hellion
   210 | D        | Killed a hellion
   212 | D        | Killed a hellion
   214 | D        | Killed a hellion
   220 | D        | Killed a white draconian scorcher
   233 | D        | Noticed a water elemental
   236 | D        | Killed a water elemental
   236 | D        | Reached skill level 9 in Spellcasting
   236 | D        | Reached skill level 5 in Conjurations
   236 | D        | Reached XP level 5. HP: 2/28 MP: 12/19
   244 | D        | Learned a level 5 spell: Fireball
   272 | D        | Killed a hellion
   520 | D        | Found a radiant altar of Vehumet.
   521 | D        | Found a deep blue altar of Sif Muna.
   521 | D        | Found an ancient bone altar of Kikubaaqudgha.
   524 | D        | Reached skill level 10 in Spellcasting
   526 | D        | Reached skill level 1 in Fighting
   526 | D        | Reached skill level 1 in Armour
   536 | D        | Learned a level 3 spell: Mephitic Cloud
   540 | D        | Became a worshipper of Vehumet
   616 | D        | Found a glowing silver altar of Zin.
   617 | D        | Found a glowing golden altar of the Shining One.
   617 | D        | Found a white marble altar of Elyvilon.
   617 | D        | Noticed a deep elf mage
   625 | D        | Killed a deep elf mage
   625 | D        | Reached skill level 5 in Dodging
   625 | D        | Reached skill level 11 in Spellcasting
   625 | D        | Reached XP level 6. HP: 11/36 MP: 7/22
   625 | D        | Reached XP level 7. HP: 12/40 MP: 7/24
   815 | D        | Killed a yaktaur
   837 | D        | Found an ornate altar of the Wu Jian Council.
   837 | D        | Found a roughly hewn altar of Beogh.
   837 | D        | Found an iron altar of Okawaru.
   837 | D        | Found a bloodstained altar of Trog.
   837 | D        | Found a hide-covered altar of Uskayaw.
   837 | D        | Noticed a human
   837 | D        | Noticed a human
   844 | D        | Killed a human
   844 | D        | Killed a human
   844 | D        | Reached skill level 12 in Spellcasting
   844 | D        | Reached * piety under Vehumet
   844 | D        | Offered knowledge of Freeze by Vehumet.
   910 | D        | Found a basalt altar of Yredelemnul.
   910 | D        | Found a shadowy altar of Dithmenos.
   910 | D        | Found a sacrificial altar of Ru.
  1150 | D        | Noticed a shadow
  1153 | D        | Killed from afar by a jelly

Vault maps used:
D:        dungeon_sprint_mu

Skill      XL: |  1  2  3  4  5  6  7 |
---------------+----------------------+-----
Spellcasting   | 6 8 9 11 12 | 12.5
Conjurations   | 3 4 5 7 |  7.5
Fire Magic     | 4 5 6 7 8 |  8.2
Fighting       | 2 3 |  3.5
Armour         | 2 3 |  3.5
Dodging        | 5 |  5.8
Short Blades   | 3 |  3.9
Air Magic      | 3 |  3.9
Poison Magic   | 3 4 |  4.2
Stealth        | |  2.4

Action                   |  1- 3 |  4- 6 |  7- 9 || total
-------------------------+-------+-------+-------++-------
Melee: Whip              |       |     1 |       ||     1
       Long sword        |       |       |     2 ||     2
 Cast: Flame Tongue      |    10 |    12 |    10 ||    32
       Conjure Flame     |       |     1 |     3 ||     4
       Throw Flame       |       |     1 |       ||     1
       Sticky Flame      |       |     3 |     1 ||     4
       Inner Flame       |       |     2 |     3 ||     5
       Mephitic Cloud    |       |     1 |     1 ||     2
       Fireball          |       |       |     1 ||     1
  Use: Scroll            |       |     6 |       ||     6
       Potion            |       |     4 |       ||     4
  Eat: Chunk             |       |       |     1 ||     1
Armor: Robe              |       |     1 |       ||     1
Dodge: Dodged            |       |     2 |     2 ||     4

Table legend:
 A = Spawn XP
 B = Non-spawn XP
 C = Spawn XP percentage of total XP
 D = Spawn monster count
 E = Non-spawn monster count
 F = Spawn count percentage of total count
 G = Total turns spent on level
                    A         B        C        D         E        F      G
               +---------+---------+-------+---------+---------+-------+---------
         Total |       0 |    1324 |   0.0 |       0 |      13 |   0.0 |  1153
               +---------+---------+-------+---------+---------+-------+---------
             D |       0 |    1324 |   0.0 |       0 |      13 |   0.0 |  1153
               +---------+---------+-------+---------+---------+-------+---------
